 Dungeon Crawl Stone Soup version 0.22-a0-467-g5c5de1cb09 (webtiles) character file.

17668 Manul the Cruncher (level 12, 0/64 HPs)
             Began as a Vine Stalker Gladiator on June 10, 2018.
             Was an Initiate of Gozag.
             Slain by a deep troll earth mage (18 damage)
             ... on level 12 of the Dungeon.
             The game lasted 00:19:40 (9638 turns).

Manul the Cruncher (Vine Stalker Gladiator)         Turns: 9638, Time: 00:19:41

Health: 0/64       AC: 28    Str: 22    XL:     12   Next: 50%
Magic:  0/13       EV: 12    Int:  8    God:    Gozag
Gold:   1451       SH:  0    Dex: 19    Spells: 11/11 levels left

rFire    . . .     SeeInvis .   w - +5 quarterstaff (chaos)
rCold    . . .     Gourm    .   (shield currently unavailable)
rNeg     . . .     Faith    .   P - +10 chain mail of Kannam {Str+3}
rPois    +         Spirit   +   c - +0 helmet
rElec    .         Reflect  .   o - +2 cloak
rCorr    .         Harm     .   (no gloves)
MR       +....                  G - +0 pair of boots
Stlth    +.........             D - amulet of the acrobat
HPRegen  1.00/turn              y - +2 ring of protection
MPRegen  0.13/turn              u - ring of poison resistance

@: gold aura
A: fangs 3, regeneration 2, magic shield, antimagic bite, no potion heal 3, rot
immunity
a: Potion Petition, Call Merchant, Bribe Branch, Renounce Religion


You were on level 12 of the Dungeon.
You worshipped Gozag.
Gozag was most pleased with you.
You were not hungry.

You visited 2 branches of the dungeon, and saw 13 of its levels.
You also visited: Labyrinth.

You collected 2381 gold pieces.
You spent 881 gold pieces at shops.
You paid 49 gold pieces to Gozag.

Inventory:

Hand Weapons
 w - a +5 quarterstaff of chaos (weapon)
 R - a +6 quick blade
Missiles
 d - a throwing net (quivered)
 n - 16 javelins of returning
Armour
 c - a +0 helmet (worn)
 o - a +2 cloak (worn)
 G - a +0 pair of boots (worn)
 P - the +10 chain mail of Kannam (worn) {Str+3}
   (You bought it in a shop on level 8 of the Dungeon)

   It affects your strength (+3).
Jewellery
 e - an uncursed ring of resist corrosion
 t - an uncursed amulet of rage {unknown}
 u - a ring of poison resistance (right hand)
 y - a +2 ring of protection (left hand)
 z - an uncursed ring of wizardry
 D - an amulet of the acrobat (around neck)
 K - a +2 ring of strength
 T - an uncursed ring of flight
Wands
 i - a wand of paralysis (8)
 k - a wand of clouds (3)
 x - a wand of iceblast (13)
 A - a wand of disintegration (4)
 E - a wand of polymorph (22)
 Q - a wand of acid (8)
Scrolls
 b - 3 scrolls of enchant weapon
 g - a scroll of remove curse
 l - a scroll of amnesia
 q - 4 scrolls of enchant armour
 r - a scroll of identify
 v - a scroll of magic mapping
 F - a scroll of summoning
 M - a scroll of fog
Potions
 a - a potion of lignification {unknown}
 h - 2 potions of invisibility
 j - a potion of resistance {unknown}
 m - 3 potions of degeneration {unknown}
 p - 3 potions of might
 s - 5 potions of curing
 B - a potion of magic {unknown}
 C - a potion of cancellation {unknown}
 H - a potion of brilliance {unknown}
 J - a potion of agility
 L - 3 potions of heal wounds
 N - a potion of flight
 S - a potion of haste {unknown}
Comestibles
 f - 5 rations


   Skills:
 + Level 7.8 Fighting
 + Level 12.6 Staves
 + Level 2.0 Throwing
 * Level 6.9 Armour
 + Level 6.6 Dodging
 - Level 7.3 Stealth
 + Level 0.2 Evocations


You had 11 spell levels left.
You didn't know any spells.
Your spell library contained the following spells:

 Spells                   Type           Power        Failure   Level  Hunger
 Magic Dart               Conj           #...         97%         1    ##.....
 Conjure Flame            Conj/Fire      #.......     100%        3    ####...
 Lightning Bolt           Conj/Air       #.........   100%        5    ######.
 Bolt of Magma            Conj/Fire/Erth #.........   100%        5    ######.
 Slow                     Hex            #.......     99%         2    ###....
 Mephitic Cloud           Conj/Pois/Air  #.......     100%        3    ####...
 Venom Bolt               Conj/Pois      #.........   100%        5    ######.
 Blink                    Tloc           N/A          99%         2    ###....
 Animate Dead             Necr           N/A          100%        4    #####..
 Pain                     Necr           #...         97%         1    ##.....
 Animate Skeleton         Necr           N/A          97%         1    ##.....
 Vampiric Draining        Necr           #.........   100%        3    ####...
 Call Imp                 Summ           #.......     99%         2    ###....
 Regeneration             Chrm/Necr      #.........   100%        3    ####...
 Iron Shot                Conj/Erth      #.........   100%        6    #######
 Shock                    Conj/Air       #...         97%         1    ##.....
 Swiftness                Chrm/Air       #.......     99%         2    ###....
 Airstrike                Air            #.........   100%        4    #####..
 Static Discharge         Conj/Air       #.......     100%        3    ####...
 Orb of Destruction       Conj           #.........   100%        7    #######
 Iskenderun's Battlesphe  Conj/Chrm      #.......     100%        5    ######.
 Spellforged Servitor     Conj/Summ      #.........   100%        7    #######


Dungeon Overview and Level Annotations

Branches:
Dungeon (12/15)            Temple (1/1) D:5            Lair (0/6) D:9
    Orc (0/2) D:12

Altars:
Dithmenos
Gozag
Qazlal
Ru
Vehumet
Zin

Shops:
D:4 =   D:5 :   D:7 (   D:8 *[%   D:9 (


Innate Abilities, Weirdness & Mutations

You have razor-sharp teeth.
You heal very quickly.
When hurt, damage is shared between your health and your magic reserves.
Your bite disrupts and absorbs the magic of your enemies.
Potions cannot restore your health.
You are immune to rotting.


Message History

You bite the deep troll earth mage, but do no damage.
The deep troll earth mage is moderately wounded.
The deep troll earth mage bites you!
The deep troll earth mage closely misses you.
The deep troll earth mage claws you but does no damage.
Unknown command.
You closely miss the deep troll earth mage.
The deep troll earth mage is moderately wounded.
The deep troll earth mage closely misses you.
The deep troll earth mage claws you!!
* * * LOW HITPOINT WARNING * * *
The deep troll earth mage barely misses you.
You are too injured to fight recklessly!
Unknown command.
Evoke which item? (* to show all) (? for menu, Esc to quit)
Okay, then.
As you read the scroll of summoning, it crumbles to dust.
Wisps of shadow whirl around you... The deep troll earth mage bites you!!
You die...
Your body crumbles into a pile of gold.

.....##..# ..###.. #..(.....##..#
.........# ..... ##....##...#
.....)#...## ... ##..>#.###......
......#.#..###.###T.###.#> ......
.....##.##...#'#......)..........
#.......##..........###..........
#######.......ZS.........#####...
#........##T####..##. ...
#....)[.(##a@# #.... ##
#####...(.(..###D# #...
#.....[.([)((###[## #####
#.......##....#..[#####...#
#.......##....#.8[......8.#
#.......##.[.##.))#####...#
#.......##..[#####'###'#.##
##########....# ##[..##.# ####.#
#.>.##.#


You could see a deep troll earth mage (berserk), a friendly seven-headed hydra,
a friendly worker ant, a friendly adder and a friendly bullfrog zombie.

Vanquished Creatures
  A minotaur (Lab)
  A centaur warrior (D:12)
  An anaconda (D:12)
  2 two-headed ogres
  A deep troll earth mage (D:12)
  2 unseen horrors (D:11)
  A manticore (D:11)
  An ugly thing (D:11)
  Maurice (D:11)
  A kobold demonologist (D:10)
  3 trolls
  A hornet (D:11)
  Prince Ribbit (D:7)
  Grinder (D:3)
  5 hippogriffs
  A slime creature (D:11)
  4 yaks (D:9)
  A basilisk (D:9)
  10 hungry ghosts
  4 porcupines (D:9)
  An ice beast (D:5)
  A black bear (shapeshifter) (D:12)
  6 sky beasts
  4 orc warriors
  7 ogres
  A black bear (D:9)
  3 phantoms
  A tengu (shapeshifter) (D:8)
  A necrophage (D:11)
  4 centaurs
  3 crocodiles (D:9)
  22 big kobolds
  3 bullfrogs
  2 scorpions
  3 killer bees (D:11)
  7 howler monkeys
  4 crimson imps
  A centaur zombie (D:5)
  A bullfrog zombie (D:11)
  A quasit (D:6)
  Crazy Yiuf (D:2)
  5 orc priests (D:12)
  7 hounds
  3 jellies (D:8)
  4 bullfrog skeletons
  A gnoll shaman (D:7)
  14 orc wizards
  A centaur skeleton (D:8)
  Terence (D:3)
  3 iguanas
  10 worker ants
  A killer bee zombie (D:7)
  3 worker ant zombies
  8 gnolls
  19 adders
  3 shadow imps
  6 oozes
  An adder skeleton (D:4)
  4 worms
  A dart slug (D:1)
  5 leopard geckos
  56 orcs
  6 giant cockroaches
  7 goblins
  5 hobgoblins
  13 jackals
  10 quokkas
  A ball python (D:4)
  2 bats
  4 frilled lizards
  A jackal skeleton (D:6)
  12 kobolds
  A leopard gecko skeleton (D:4)
  7 rats
  2 plants (Lab)
347 creatures vanquished.

Vanquished Creatures (others)
  A worker ant (D:12)
  A fungus (D:9)
  3 plants (D:9)
5 creatures vanquished.

Grand Total: 352 creatures vanquished

Notes
Turn   | Place    | Note
-------+----------+-------------------------------------------
     0 | D:1      | Manul the Vine Stalker Gladiator began the quest for the Orb.
     0 | D:1      | Reached XP level 1. HP: 11/11 MP: 2/2
    32 | D:1      | Reached XP level 2. HP: 10/15 MP: 3/3
   448 | D:1      | Reached skill level 3 in Staves
  1038 | D:2      | Reached XP level 3. HP: 18/18 MP: 4/4
  1430 | D:2      | Found a stormy altar of Qazlal.
  1677 | D:2      | Found a runed door.
  1681 | D:2      | Noticed Crazy Yiuf
  1685 | D:2      | Killed Crazy Yiuf
  1685 | D:2      | Reached skill level 1 in Stealth
  1685 | D:2      | Gained mutation: Your natural rate of healing is unusually fast. [Vine Stalker growth]
  1685 | D:2      | Reached XP level 4. HP: 23/23 MP: 5/5
  1810 | D:3      | Noticed Grinder
  1818 | D:3      | Killed Grinder
  1818 | D:3      | Reached skill level 4 in Staves
  1818 | D:3      | Reached skill level 1 in Armour
  1818 | D:3      | Reached XP level 5. HP: 27/27 MP: 6/6
  1818 | D:3      | Reached XP level 6. HP: 32/32 MP: 7/7
  1866 | D:3      | Noticed Terence
  1879 | D:3      | Killed Terence
  2351 | D:4      | Reached skill level 5 in Staves
  2351 | D:4      | Reached XP level 7. HP: 35/35 MP: 8/8
  2424 | D:4      | Found Imehor's Jewellery Boutique.
  2931 | D:5      | Entered Level 5 of the Dungeon
  2945 | D:5      | Found a glowing silver altar of Zin.
  2956 | D:5      | Reached skill level 6 in Staves
  3109 | D:5      | Gained mutation: You have razor-sharp teeth. [Vine Stalker growth]
  3109 | D:5      | Reached XP level 8. HP: 38/40 MP: 7/9
  3168 | D:5      | Found a sacrificial altar of Ru.
  3230 | D:5      | Found Onnos's Book Emporium.
  3312 | D:5      | Found a staircase to the Ecumenical Temple.
  3340 | Temple   | Entered the Ecumenical Temple
  3347 | Temple   | Became a worshipper of Gozag Ym Sagoz the Greedy
  3600 | D:6      | Reached skill level 7 in Staves
  3735 | D:6      | Got a silken robe
  3746 | D:6      | Identified the +0 robe "Qeraijum" {*Drain +Inv rPois rC++} (You found it on level 6 of the Dungeon)
  3954 | D:6      | Reached XP level 9. HP: 45/45 MP: 10/10
  3957 | D:6      | Reached skill level 5 in Stealth
  4077 | D:7      | Noticed Prince Ribbit
  4088 | D:7      | Reached skill level 8 in Staves
  4095 | D:7      | Killed Prince Ribbit
  4327 | D:7      | Reached skill level 9 in Staves
  4525 | D:7      | Found Nexziss's Antique Weapon Shop.
  4646 | D:8      | Found Wuxtuzymaz's Food Boutique.
  4677 | D:8      | Reached XP level 10. HP: 51/51 MP: 11/11
  4687 | D:8      | Reached skill level 5 in Dodging
  4837 | D:8      | Reached skill level 5 in Fighting
  5009 | D:8      | Got an ichor-stained war axe
  5041 | D:8      | Found Urryg's Armour Emporium.
  5061 | D:8      | Found Qarukodd's General Store.
  5293 | D:9      | Reached skill level 10 in Staves
  5423 | D:9      | Found a staircase to the Lair.
  5865 | D:9      | Found Nenetusk's Antique Weapon Boutique.
  6282 | D:10     | Entered Level 10 of the Dungeon
  6609 | D:10     | Noticed a two-headed ogre
  6620 | D:10     | Killed a two-headed ogre
  6620 | D:10     | Reached XP level 11. HP: 56/56 MP: 12/12
  6871 | D:10     | Reached skill level 11 in Staves
  7050 | D:8      | Bought the +10 chain mail of Kannam {Str+3} for 881 gold pieces
  7153 | D:11     | Noticed Maurice
  7154 | D:11     | Paralysed by Maurice for 6 turns
  7169 | D:11     | Killed Maurice
  7233 | D:11     | Killed an unseen horror
  7286 | D:11     | Found a labyrinth entrance.
  7303 | Lab      | Entered a labyrinth
  8234 | Lab      | Noticed a minotaur
  8253 | Lab      | Killed a minotaur
  8253 | Lab      | Reached skill level 5 in Armour
  8407 | D:11     | Noticed a purple ugly thing
  8412 | D:11     | Killed a purple ugly thing
  8571 | D:11     | You fall through a shaft!
  8582 | D:12     | Gained mutation: You heal very quickly. [Vine Stalker growth]
  8582 | D:12     | Reached XP level 12. HP: 38/63 MP: 7/13
  8589 | D:12     | Found a staircase to the Orcish Mines.
  8633 | D:12     | Reached skill level 12 in Staves
  8724 | D:12     | Noticed a centaur warrior
  8730 | D:12     | Noticed a deep troll earth mage
  8730 | D:12     | Noticed a two-headed ogre
  8736 | D:12     | Killed a centaur warrior
  9449 | D:11     | Killed a two-headed ogre
  9473 | D:12     | Killed a deep troll earth mage
  9605 | D:12     | Noticed a deep troll earth mage
  9629 | D:12     | Noticed an anaconda
  9629 | D:12     | a slime creature changed into an anaconda
  9630 | D:12     | Killed an anaconda
  9638 | D:12     | Slain by a deep troll earth mage

Vault maps used:
D:1:      dpeg_arrival_houses_and_road
D:2:      overflow_temple_1_default, uniq_crazy_yiuf_cottage
D:3:      uniq_grinder, uniq_terence
D:4:      wad_woods_tower, first_ration, serial_shops, shop,
          minmay_misc_feat_enclosed
D:5:      minmay_temple_entry_statues_fountains, basic_altar, serial_shops,
          shop, minmay_misc_feat_doors, hangedman_ru_absence
D:7:      serial_shops, kennysheep_little_box, uniq_prince_ribbit1
D:8:      serial_shops, shop, shop, shop_fountains,
          hangedman_little_slice_of_home
D:9:      minmay_lair_entry_grove, serial_shops, shop_fountains,
          lightli_corner_chamber
D:11:     lab_entry_generic, uniq_maurice
D:12:     hiddenorc2_lemuel, minmay_checkered_concentric_circles
Temple:   minmay_crystal_snake_temple
Lab:      labyrinth_watery, labyrinth_skeletal_remains, nicolae_lab_plus,
          nicolae_lab_dead_end, nicolae_lab_garden

Skill      XL: |  1  2  3  4  5  6  7  8  9 10 11 12 |
---------------+-------------------------------------+-----
Staves         | 3 4 5 6 7 9 10 11 12 | 12.6
Dodging        | 3 4 6 |  6.6
Fighting       | 2 3 4 6 7 |  7.8
Stealth        | 1 2 3 4 6 7 |  7.3
Armour         | 1 2 3 5 6 |  6.9
Throwing       | 2 |  2.0
Evocations     | |  0.2

Action                   |  1- 3 |  4- 6 |  7- 9 | 10-12 || total
-------------------------+-------+-------+-------+-------++-------
Melee: Quarterstaff      |    64 |    62 |   261 |   565 ||   952
       Bite              |    10 |    23 |    74 |   191 ||   298
Throw: Throwing net      |       |       |     2 |     2 ||     4
Evoke: Wand              |       |       |       |     2 ||     2
  Use: Potion            |     1 |       |     1 |     1 ||     3
       Scroll            |       |       |     4 |    20 ||    24
 Stab: Sleeping          |     2 |     2 |     6 |     6 ||    16
       Paralysed         |       |       |     5 |     1 ||     6
       Petrifying        |       |       |     1 |     1 ||     2
       Invisible         |       |       |     1 |     4 ||     5
       Held in net/web   |       |       |       |     4 ||     4
       Distracted        |       |       |       |     6 ||     6
       Confused          |       |       |       |     2 ||     2
  Eat: Chunk             |     1 |     4 |     3 |       ||     8
       Ration            |       |       |     1 |    10 ||    11
Armor: Leather armour    |    13 |    16 |    39 |       ||    68
       Robe              |       |       |    23 |    52 ||    75
       Chain mail        |       |       |       |   172 ||   172
Dodge: Dodged            |    47 |    46 |   149 |   357 ||   599

Table legend:
 A = Spawn XP
 B = Non-spawn XP
 C = Spawn XP percentage of total XP
 D = Spawn monster count
 E = Non-spawn monster count
 F = Spawn count percentage of total count
 G = Total turns spent on level
                    A         B        C        D         E        F      G
               +---------+---------+-------+---------+---------+-------+---------
         Total |       0 |   25240 |   0.0 |       0 |     345 |   0.0 |  9638
               +---------+---------+-------+---------+---------+-------+---------
           D:1 |       0 |      30 |   0.0 |       0 |      15 |   0.0 |   965
           D:2 |       0 |      76 |   0.0 |       0 |      14 |   0.0 |   749
           D:3 |       0 |     435 |   0.0 |       0 |      28 |   0.0 |   549
           D:4 |       0 |     484 |   0.0 |       0 |      30 |   0.0 |   668
           D:5 |       0 |     675 |   0.0 |       0 |      21 |   0.0 |   601
           D:6 |       0 |     741 |   0.0 |       0 |      31 |   0.0 |   508
           D:7 |       0 |    1896 |   0.0 |       0 |      32 |   0.0 |   543
           D:8 |       0 |    1354 |   0.0 |       0 |      27 |   0.0 |   897
           D:9 |       0 |    2496 |   0.0 |       0 |      23 |   0.0 |   891
          D:10 |       0 |    4060 |   0.0 |       0 |      35 |   0.0 |   758
          D:11 |       0 |    6380 |   0.0 |       0 |      36 |   0.0 |  1172
          D:12 |       0 |    3640 |   0.0 |       0 |      43 |   0.0 |   359
           Lab |       0 |    2973 |   0.0 |       0 |      10 |   0.0 |   963
               +---------+---------+-------+---------+---------+-------+---------
